 Dungeon Crawl Stone Soup version 0.31.0-11-ge490571c62 (webtiles) character file.

Game seed: 9187454601684042287

77 Ruich the Sneak (level 4, -1/30 HPs)
             Began as a Vampire Enchanter on Feb 4, 2024.
             Slain by a kobold
             ... wielding a +0 dagger
              (3 damage)
             ... on level 3 of the Dungeon.
             The game lasted 00:05:35 (1817 turns).

Ruich the Sneak (Vampire Enchanter)                 Turns: 1817, Time: 00:05:37

Health: -1/30      AC:  2    Str:  9    XL:     4   Next: 13%
Magic:  5/7        EV: 12    Int: 17    God:
Gold:   179        SH:  0    Dex: 14    Spells: 5/7 levels left

rFire   . . .        a - +1 dagger
rCold   . . .        (no shield)
rNeg    . . .        b - +0 robe
rPois   .            (no helmet)
rElec   .            (no cloak)
rCorr   .            (no gloves)
SInv    +            (no boots)
Will    .....        n - amulet of the acrobat
Stlth   +++          (no ring)
HPRegen 0.45/turn    (no ring)
MPRegen 0.10/turn

%: acrobat
@: healing quickly, invisible
A: alive, fangs 3, see invisible, vampiric 2
a: Exsanguinate


You were on level 3 of the Dungeon.
You visited 1 branch of the dungeon, and saw 3 of its levels.

You collected 179 gold pieces.


Innate Abilities, Weirdness & Mutations

Your natural rate of healing is accelerated.
You have razor-sharp teeth.
You have supernaturally acute eyesight. (SInv)
You are afflicted with vampirism and can become a bat while bloodless.


   Skills:
 + Level 2.7 Short Blades
 - Level 2.1 Dodging
 + Level 5.7 Stealth
 - Level 2.0 Spellcasting
 + Level 5.4 Hexes


You had 5 spell levels left.
You knew the following spells:

 Your Spells              Type           Power      Damage    Failure   Level
f - Ensorcelled Hibernat  Hex/Ice        22%        N/A       10%         2

Your spell library contained the following spells:

 Spells                   Type           Power      Damage    Failure   Level
 Jinxbite                 Hex            40%        N/A       3%          2
 Confusing Touch          Hex            20%        N/A       6%          3
 Tukima's Dance           Hex            20%        N/A       6%          3
 Dazzling Flash           Conj/Hex       22%        N/A       19%         3
 Inner Flame              Hex/Fire       11%        N/A       19%         3
 Call Imp                 Summ           2%         N/A       28%         2
 Sublimation of Blood     Necr           1%         N/A       28%         2
 Yara's Violent Unravell  Hex/Alch       5%         3d4       87%         5
 Irradiate                Conj/Alch      0%         3d11      99%         5
 Enfeeble                 Hex            10%        N/A       100%        7
 Summon Hydra             Summ           0%         N/A       100%        7
 Ignition                 Fire           0%         3d3       100%        8

Inventory:

Hand Weapons
 a - a +1 dagger (weapon)
Missiles
 k - 9 poisoned darts (quivered)
Armour
 b - a +0 robe (worn)
 o - a +0 pair of boots
Jewellery
 n - an amulet of the acrobat (around neck)
Scrolls
 d - a scroll of noise {unknown}
 e - 2 scrolls of teleportation {unknown}
 f - a scroll of identify {unknown}
 g - a scroll of revelation {unknown}
 h - a scroll of fog {unknown}
 i - a scroll of poison {unknown}
Potions
 c - a potion of invisibility
 j - 2 potions of might {unknown}
 l - 2 potions of brilliance {unknown}
 m - a potion of heal wounds {unknown}
 p - 2 potions of degeneration {unknown}

Dungeon Overview and Level Annotations

Branches:
Dungeon (3/15)

Altars:
Uskayaw

Annotations:
D:3 Grinder

#.##### ###.##..#
#.......#### ###
#.#.##.....### .. #
#.#.##.......##.#.##
#.#.##.###.#.#.....
#.#.##.# #.#.#..#
#.#....###...K..#
#.#####.....@...#
#.....#.##.5.#..#
#####.# #...#..# #.#
##.....# #.# #####.#
#<# .# ### .#


You could see Grinder (unable to see you) and a kobold (unable to see you).


Message History

You hit Grinder.
Grinder is lightly wounded.
You closely miss Grinder.
Grinder is lightly wounded.
Grinder blinks!
The kobold shouts!
Grinder gestures at you.
You barely resist. You closely miss Grinder.
Grinder is lightly wounded.
Grinder barely misses you. The kobold hits you but does no damage.
You catch the helpless Grinder completely off-guard!
You puncture Grinder!
Grinder is heavily wounded.
Grinder says, "Just stop there for a second..."
Grinder gestures at you. Pain shoots through your body!
The kobold closely misses you.
You catch the helpless Grinder completely off-guard!
You puncture Grinder! You bite Grinder.
Grinder is almost dead.
Grinder gestures at something.
The kobold barely misses you.
You barely miss Grinder. You bite Grinder.
Grinder is almost dead.
Grinder hits you!
* * * LOW HITPOINT WARNING * * *
You writhe in agony.
* * * LOW HITPOINT WARNING * * *
The kobold hits you with a +0 dagger.
You die...

Skill      XL: |  1  2 |
---------------+-------+-----
Short Blades   | 2 |  2.7
Stealth        | 5 |  5.7
Hexes          | 5 |  5.4
Dodging        | |  2.1
Spellcasting   | |  2.0

Action                     |  1- 3 |  4- 6 || total
---------------------------+-------+-------++-------
  Melee: Dagger            |    98 |    14 ||   112
         Bite              |    11 |     2 ||    13
  Throw: Dart              |       |     3 ||     3
   Cast: Ensorcelled Hiber |     1 |     8 ||     9
    Use: Potion            |       |     1 ||     1
   Stab: Sleeping          |    18 |     7 ||    25
         Invisible         |       |     2 ||     2
 Armour: Robe              |    41 |     6 ||    47
  Dodge: Dodged            |    39 |    11 ||    50

Levels and vault maps discovered:
D:1:      dpeg_arrival_round_b, layout_loops_ring
D:2:      layout_loops_cross, basic_altar
D:3:      layout_basic, ebering_ecumenical_altar_mist, uniq_grinder

Notes
Turn   | Place    | Note
-------+----------+-------------------------------------------
     0 | D:1      | Ruich the Vampire Enchanter began the quest for the Orb.
     0 | D:1      | Reached XP level 1. HP: 13/13 MP: 3/3
    49 | D:1      | Reached XP level 2. HP: 19/19 MP: 5/5
   455 | D:1      | Reached skill level 2 in Short Blades
   455 | D:1      | Reached skill level 5 in Stealth
   487 | D:1      | Reached skill level 5 in Hexes
   505 | D:1      | Gained mutation: You are afflicted with vampirism and can
                  | become a bat while bloodless. [Vampire growth]
   505 | D:1      | Reached XP level 3. HP: 13/24 MP: 6/6
   778 | D:2      | Found a hide-covered altar of Uskayaw.
   807 | D:2      | HP: 2/24 [hobgoblin (3)]
   859 | D:1      | Learned a level 2 spell: Ensorcelled Hibernation
  1360 | D:2      | Reached XP level 4. HP: 30/30 MP: 4/7
  1808 | D:3      | Noticed Grinder
  1817 | D:3      | HP: 2/30 [Grinder (6)]
  1817 | D:3      | Slain by a kobold

Vanquished Creatures
  2 adders (D:2)
  2 ribbon worms (D:2)
  4 dart slugs (D:1)
  2 endoplasms (D:2)
  A giant cockroach (D:1)
  2 goblins
  5 hobgoblins
  3 jackals (D:2)
  3 quokkas
  3 ball pythons (D:1)
  5 bats
  4 frilled lizards
  5 kobolds
  3 rats (D:1)
44 creatures vanquished.

Table legend: (Time is in decaauts)
 A = Elapsed time spent in this place.
 B = Non-inter-level travel time spent in this place.
 C = Inter-level travel time spent in this place.
 D = Time resting spent in this place.
 E = Time spent auto-exploring this place.
 F = Levels seen in this place.
 G = Mean time per level.
                   A        B        C        D        E       F      G
               +--------+--------+--------+--------+--------+-----+--------+
         Total |   1806 |   1747 |     59 |    178 |   1101 |   3 |  602.0 |
       Dungeon |   1806 |   1747 |     59 |    178 |   1101 |   3 |  602.0 |
               +--------+--------+--------+--------+--------+-----+--------+

Top non-repeatable levels by time:
     D:1: 895 daAuts
     D:2: 877 daAuts
     D:3: 34 daAuts

Table legend:
 A = Non-vault XP
 B = Vault XP
 C = Vault XP percentage of total XP
 D = Non-vault monster count
 E = Vault monster count
 F = Vault count percentage of total count
                 A         B        C        D         E       F
            +---------+---------+-------+---------+---------+-------
      Total |     110 |       0 |   0.0 |      44 |       0 |   0.0
            +---------+---------+-------+---------+---------+-------
        D:1 |      42 |       0 |   0.0 |      23 |       0 |   0.0
        D:2 |      68 |       0 |   0.0 |      21 |       0 |   0.0
            +---------+---------+-------+---------+---------+-------
